 Dungeon Crawl Stone Soup version 0.29-a0-414-g5075937ec3 (webtiles) character file.

Game seed: 13659943837936691361

768 Bruhh the Skirmisher (level 7, -8/48 HPs)
             Began as a Gargoyle Fighter on May 14, 2022.
             Was a Believer of Nemelex Xobeh.
             Mangled by a troll (9 damage)
             ... on level 5 of the Dungeon.
             The game lasted 00:04:32 (3811 turns).

Bruhh the Skirmisher (Gargoyle Fighter)             Turns: 3811, Time: 00:04:33

Health: -8/48      AC: 11    Str: 22    XL:     7   Next: 82%
Magic:  11/11      EV:  9    Int:  8    God:    Nemelex Xobeh [**....]
Gold:   266        SH:  4    Dex:  9    Spells: 6/6 levels left

rFire   . . .      SeeInvis .   a - +0 war axe
rCold   . . .      Faith    .   c - +0 buckler
rNeg    + . .      Spirit   .   b - +0 scale mail
rPois   ∞          Reflect  .   (no helmet)
rElec   +          Harm     .   (no cloak)
rCorr   .          Rampage  .   (no gloves)
Will    .....                   (no boots)
Stlth   ..........              (no amulet)
HPRegen 0.16/turn               o - ring of flight
MPRegen 0.12/turn               (no ring)

@: flying
A: sickness immunity, AC +4, negative energy resistance 1, electricity
resistance, torment resistance 1, petrification resistance
a: Renounce Religion, Draw Escape, Draw Destruction, Draw Summoning


You were on level 5 of the Dungeon.
You worshipped Nemelex Xobeh.
Nemelex Xobeh was pleased with you.
You visited 1 branch of the dungeon, and saw 5 of its levels.

You collected 266 gold pieces.

Inventory:

Hand Weapons
 a - a +0 war axe (weapon)
Armour
 b - a +0 scale mail (worn)
 c - a +0 buckler (worn)
Jewellery
 d - an amulet of magic regeneration
 o - a ring of flight (left hand)
Scrolls
 e - 4 scrolls of identify {unknown}
 f - 3 scrolls of fog {unknown}
 i - 2 scrolls of blinking {unknown}
 k - 2 scrolls of teleportation {unknown}
 l - a scroll of poison {unknown}
 m - a scroll of silence {unknown}
 n - a scroll of immolation {unknown}
Potions
 g - a potion of invisibility {unknown}
 h - a potion of haste {unknown}
 j - 2 potions of brilliance {unknown}


   Skills:
 + Level 7.3 Fighting
 - Level 1.7 Axes
 - Level 4.0 Armour
 - Level 3.2 Shields
 + Level 5.9 Invocations


You had 6 spell levels left.
You didn't know any spells.
Your spell library contained the following spells:

 Spells                   Type           Power      Damage    Failure   Level
 Corpse Rot               Necr/Air       0%         N/A       91%         2
 Poisonous Vapours        Pois/Air       0%         N/A       91%         2


Dungeon Overview and Level Annotations

Branches:
Dungeon (5/15)
 Temple: D:4-7

Altars:
Cheibriados
Elyvilon
Nemelex Xobeh
Okawaru
Ru
Trog
Uskayaw
Vehumet
Yredelemnul
Zin


Innate Abilities, Weirdness & Mutations

You are immune to sickness and miasma.
Your stone body is resilient. (AC +4)
You are immune to poison.
You resist negative energy. (rN+)
You are resistant to electric shocks. (rElec)
You are resistant to unholy torment.
You are immune to petrification.


Message History

The adder bites you but does no damage. You block the adder's attack.
You slash the adder!
The adder is severely wounded.
The adder barely misses you. The adder bites you but does no damage.
You slash the adder!
You kill the adder!
No target in view!
No target in view!
k - 2 scrolls labelled RUEPADODORCH (gained 1)
Found a radiant altar of Vehumet.
Found a club.
A troll comes into view.
Found an escape hatch in the floor.
The troll shouts!
A troll is nearby!
Found an escape hatch in the ceiling.
A scorpion comes into view.
A dart slug comes into view.
The troll barely misses you. You block the troll's attack.
The troll claws you but does no damage.
Okay, then.
You hit the troll but do no damage. The troll bites you.
The troll claws you but does no damage. The troll claws you!
You hit the troll.
The troll is lightly wounded.
The troll bites you! The troll claws you but does no damage.
The troll claws you! The scorpion stings you. You block the troll's attack.
The troll barely misses you. The troll claws you.
You are too injured to fight recklessly!
You draw a card...
You have drawn Exile.
The dart slug is devoured by a tear in reality.
The scorpion is devoured by a tear in reality.
The troll bites you!
* * * LOW HITPOINT WARNING * * *
The troll claws you.
* * * LOW HITPOINT WARNING * * *
The troll claws you but does no damage. The troll attacks as you move away!
The troll bites you!
You die...
Your body glows slightly and disappears.

#.........#
#......... ..§<....
#..#####..§>..#
...#.....§.§..# #.
....#...§.... ...
........§T# ....
#...#..@#
...###.###.##
#..#...#..# ###
#...._....#
...##..#...#...##
......###.###......
##.....#...#.....##
#.............##.#
............####..#


You could see a troll.

Vanquished Creatures
  Pikel (D:4)
  A scorpion (D:5)
  A jelly (D:3)
  An orc priest (D:3)
  2 adders
  4 worms (D:4)
  2 dart slugs
  12 orcs
  6 bats
  5 endoplasms
  4 giant cockroaches
  5 goblins
  3 hobgoblins
  4 jackals
  2 quokkas
  6 ball pythons
  5 frilled lizards
  7 kobolds
  6 rats
77 creatures vanquished.

Vanquished Creatures (others)
  19 plants (D:1)
19 creatures vanquished.

Grand Total: 96 creatures vanquished

Notes
Turn   | Place    | Note
-------+----------+-------------------------------------------
     0 | D:1      | Bruhh the Gargoyle Fighter began the quest for the Orb.
     0 | D:1      | Reached XP level 1. HP: 14/14 MP: 1/1
   112 | D:1      | Reached XP level 2. HP: 19/19 MP: 2/2
   361 | D:1      | Reached XP level 3. HP: 17/24 MP: 3/3
   447 | D:1      | Found a faded altar of an unknown god.
   525 | D:1      | Reached skill level 4 in Fighting
   574 | D:1      | Prayed at the altar of an unknown god.
   574 | D:1      | Became a worshipper of Nemelex Xobeh the Trickster
   574 | D:1      | Reached * piety under Nemelex Xobeh
  1176 | D:2      | Received a gift from Nemelex Xobeh
  1565 | D:2      | Reached skill level 1 in Invocations
  1778 | D:3      | Reached XP level 4. HP: 17/30 MP: 3/5
  1963 | D:3      | Found an iron altar of Okawaru.
  2095 | D:3      | Reached XP level 5. HP: 27/34 MP: 6/6
  2238 | D:3      | Found a white marble altar of Elyvilon.
  2328 | D:3      | Found a hide-covered altar of Uskayaw.
  2377 | D:3      | Found a basalt altar of Yredelemnul.
  2390 | D:3      | Reached skill level 5 in Fighting
  2507 | D:3      | Reached ** piety under Nemelex Xobeh
  2863 | D:4      | Noticed a lemure
  2864 | D:4      | Noticed Pikel
  2865 | D:4      | Noticed a lemure
  2866 | D:4      | Noticed a lemure
  2866 | D:4      | Noticed a lemure
  2880 | D:4      | Killed Pikel
  2881 | D:4      | Reached skill level 6 in Fighting
  2881 | D:4      | Reached skill level 5 in Invocations
  2881 | D:4      | Reached XP level 6. HP: 8/42 MP: 7/10
  2881 | D:4      | Reached XP level 7. HP: 9/47 MP: 7/11
  3362 | D:4      | Found a snail-covered altar of Cheibriados.
  3542 | D:4      | Found a glowing silver altar of Zin.
  3542 | D:4      | Found a sacrificial altar of Ru.
  3572 | D:4      | Found a bloodstained altar of Trog.
  3653 | D:5      | Entered Level 5 of the Dungeon
  3671 | D:5      | Reached skill level 7 in Fighting
  3796 | D:5      | Found a radiant altar of Vehumet.
  3804 | D:5      | Noticed a troll
  3810 | D:5      | HP: 1/48 [troll (2)]
  3811 | D:5      | Mangled by a troll

Illustrated notes

Levels and vault maps discovered:
D:1:      roderic_crop_circles_arrival_large, layout_rooms,
          basic_ecumenical_altar, patterned_corridor
D:2:      layout_rooms
D:3:      layout_rooms, kennysheep_ying_yang, okawaru_trees_1,
          mainiacjoe_overflow_paths
D:4:      layout_basic, cheibriados_altar_1, bloody_trog,
          gammafunk_temple_overflow_pools, nicolae_wormholes, uniq_pikel
D:5:      layout_cave_pools, vehumet_crystals

Skill      XL: |  1  2  3  4  5  6  7 |
---------------+----------------------+-----
Fighting       | 4 6 7 |  7.3
Armour         | 4 |  4.0
Invocations    | 2 5 |  5.9
Axes           | |  1.7
Shields        | |  3.2

Action                   |  1- 3 |  4- 6 |  7- 9 || total
-------------------------+-------+-------+-------++-------
Melee: War axe           |   105 |    63 |    51 ||   219
Invok: Draw Destruction  |       |     4 |       ||     4
       Draw Escape       |       |       |     1 ||     1
  Use: Potion            |       |     1 |       ||     1
Armor: Scale mail        |    63 |    42 |    25 ||   130
Dodge: Dodged            |    64 |    33 |    23 ||   120
Block: Buckler           |    23 |    14 |    13 ||    50

Table legend: (Time is in decaauts)
 A = Elapsed time spent in this place.
 B = Non-inter-level travel time spent in this place.
 C = Inter-level travel time spent in this place.
 D = Time resting spent in this place.
 E = Time spent auto-exploring this place.
 F = Levels seen in this place.
 G = Mean time per level.
                   A        B        C        D        E       F      G
               +--------+--------+--------+--------+--------+-----+--------+
         Total |   3911 |   3777 |    134 |    462 |   2717 |   5 |  782.2 |
       Dungeon |   3911 |   3777 |    134 |    462 |   2717 |   5 |  782.2 |
               +--------+--------+--------+--------+--------+-----+--------+

Top non-repeatable levels by time:
     D:4: 1071 daAuts
     D:2: 990 daAuts
     D:3: 881 daAuts
     D:1: 794 daAuts
     D:5: 174 daAuts
